Map: Through the Darkness

Players

Tesla

  • Race: Protoss Protoss

GEETAY - Winner!

  • Race: Zerg Zerg
  • League: Platinum

VOD

Have the link to the VOD?

Description

Time

  • Played on: Oct. 9, 2016, 3:55 p.m.
  • Length: 11:22
Show
View Real Time Build Order
Export as new Build Order

Tesla Protoss 

Build Orders:  

Get SALT Encoding   

  12  0:01  Probe (Chrono Boost)  
  13  0:11  Probe (Chrono Boost)  
  14  0:20  Pylon  
  14  0:22  Probe (Chrono Boost)  
  15  0:38  Probe (Chrono Boost)  
  15  0:39  Gateway  
  16  0:44  Assimilator  
  16  0:48  Probe (Chrono Boost)  
  17  0:59  Probe (Chrono Boost)  
  18  1:08  Pylon  
  18  1:10  Probe (Chrono Boost)  
  19  1:20  Probe (Chrono Boost)  
  20  1:27  Cybernetics Core  
  20  1:31  Probe (Chrono Boost)  
  21  1:41  Probe (Chrono Boost)  
  22  1:53  Nexus  
  22  1:56  Probe (Chrono Boost)  
  22  1:58  Warp Gate  
  22  1:59  Assimilator  
  23  2:03  Stalker  
  26  2:09  Probe (Chrono Boost)  
  26  2:21  Probe (Chrono Boost)  
  27  2:25  Pylon  
  27  2:35  Mothership Core (Chrono Boost)  
  29  2:40  Adept  
  30  2:51  Gateway  
  30  2:53  Pylon  
  30  2:55  Probe (Chrono Boost)  
  33  3:05  Probe (Chrono Boost)  
  33  3:07  Probe (Chrono Boost)  
  33  3:09  Stalker  
  35  3:15  Gateway  
  36  3:20  Probe x2 (Chrono Boost)  
  37  3:33  Probe (Chrono Boost), Pylon  
  37  3:34  Probe (Chrono Boost)  
  39  3:39  Sentry  
  39  3:40  Adept  
  43  3:44  Probe (Chrono Boost)  
  43  3:46  Probe (Chrono Boost)  
  45  3:50  Assimilator  
  45  3:54  Assimilator  
  45  3:55  Probe (Chrono Boost)  
  46  4:00  Forge  
  50  4:10  Probe (Chrono Boost)  
  50  4:11  Probe (Chrono Boost)  
  50  4:20  Probe (Chrono Boost)  
  50  4:23  Probe (Chrono Boost)  
  52  4:29  Stalker x2  
  54  4:32  Probe (Chrono Boost)  
  54  4:35  Probe (Chrono Boost)  
  54  4:38  Robotics Facility  
  56  4:39  Gateway  
  56  4:42  Twilight Council  
  56  4:44  Pylon  
  56  4:47  Probe (Chrono Boost)  
  56  4:48  Probe (Chrono Boost)  
  56  4:52  Stalker  
  60  4:54  Sentry x2  
  64  5:10  Gateway, Protoss Ground Weapons Level 1  
  64  5:12  Gateway  
  64  5:19  Probe x2 (Chrono Boost), Adept  
  68  5:22  Pylon  
  68  5:29  Resonating Glaives  
  68  5:31  Probe x2 (Chrono Boost)  
  70  5:35  Adept  
  70  5:36  Adept  
  70  5:37  Observer  
  75  5:48  Stalker  
  75  5:49  Adept  
  79  5:53  Immortal  
  81  5:57  Probe x2 (Chrono Boost)  
  85  6:06  Nexus  
  85  6:11  Probe (Chrono Boost)  
  86  6:17  Pylon  
  86  6:19  Pylon  
  86  6:21  Pylon  
  86  6:22  Pylon  
  86  6:30  Probe (Chrono Boost)  
  86  6:31  Immortal  
  86  6:37  Probe (Chrono Boost)  
  91  6:53  Adept x6  
  78  7:17  Adept x6  
  78  7:20  Immortal  
  90  7:29  Probe (Chrono Boost)  
  95  7:34  Probe (Chrono Boost)  
  96  7:41  Probe (Chrono Boost)  
  97  7:46  Probe (Chrono Boost)  
  98  7:55  Stalker x2  
  91  7:58  Probe (Chrono Boost)  
  89  8:06  Stalker x2  
  89  8:10  Probe (Chrono Boost)  
  93  8:21  Probe (Chrono Boost)  
  93  8:22  Stalker  
  95  8:28  Mothership Core (Chrono Boost)  
  95  8:30  Protoss Ground Armor Level 1  
  95  8:33  Probe (Chrono Boost)  
  96  8:45  Stalker x2, Probe (Chrono Boost)  
  101  8:49  Stalker  
  90  9:10  Stalker x3  
  75  9:27  Stalker  
  72  9:31  Probe (Chrono Boost)  
  72  9:43  Probe (Chrono Boost)  
  72  9:44  Stalker  
  55  9:58  Probe (Chrono Boost)  
  49  10:05  Stalker  
  39  10:10  Probe (Chrono Boost)  
  24  10:34  Stalker  
  12  10:47  Stalker  
  12  10:48  Stalker  
  16  11:02  Mothership Core (Chrono Boost)  
Show
View Real Time Build Order
Export as new Build Order

GEETAY Zerg - Winner!

Build Orders: Hatch First 

Get SALT Encoding   

  12  0:01  Drone  
  13  0:13  Overlord  
  13  0:18  Drone  
  14  0:32  Drone x2  
  16  0:36  Drone  
  17  0:52  Hatchery  
  17  0:54  Drone  
  17  1:03  Extractor  
  16  1:04  Drone  
  17  1:13  Spawning Pool  
  17  1:16  Drone  
  17  1:32  Drone x2  
  19  1:53  Drone x2  
  21  2:02  Hatchery  
  21  2:05  Queen  
  22  2:11  Queen  
  22  2:14  Drone  
  25  2:17  Zergling x2  
  25  2:21  Zergling x2  
  27  2:24  Drone  
  27  2:29  Metabolic Boost  
  28  2:36  Overlord  
  28  2:47  Overlord  
  28  2:56  Overlord  
  28  3:06  Drone x3  
  28  3:07  Drone x2  
  28  3:10  Queen  
  35  3:14  Drone  
  36  3:21  Drone x3  
  36  3:24  Drone  
  36  3:26  Drone  
  41  3:31  Extractor  
  41  3:33  Drone  
  41  3:34  Drone x2  
  43  4:02  Drone x2  
  45  4:03  Drone x5  
  45  4:04  Overlord x3  
  49  4:11  Lair  
  49  4:16  Overlord  
  49  4:17  Overlord x2  
  49  4:26  Drone  
  49  4:27  Drone x4  
  54  4:34  Spore Crawler  
  54  4:35  Spore Crawler  
  54  4:38  Spore Crawler, Drone x2  
  51  4:39  Drone x2  
  55  4:47  Extractor  
  55  4:51  Extractor, Drone x4  
  57  4:55  Zergling x8  
  61  5:09  Spire  
  61  5:12  Drone x3  
  63  5:15  Extractor, Drone  
  63  5:16  Extractor, Drone x2  
  63  5:20  Drone x5  
  69  5:34  Queen  
  71  5:38  Overlord x3  
  71  5:46  Evolution Chamber  
  71  5:47  Evolution Chamber, Zergling x2  
  71  5:48  Zergling x4  
  72  6:10  Zergling x4  
  72  6:11  Zergling x16  
  82  6:13  Zerg Melee Weapons Level 1, Zerg Ground Armor Level 1  
  82  6:20  Drone  
  82  6:25  Infestation Pit  
  82  6:37  Zergling x2  
  83  6:43  Hatchery  
  81  6:58  Mutalisk  
  81  6:59  Mutalisk x12  
  106  7:04  Overlord  
  96  7:20  Zergling x2  
  96  7:21  Zergling x14  
  102  7:27  Mutalisk  
  102  7:28  Mutalisk  
  102  7:40  Zergling x6  
  102  7:41  Zergling x16  
  113  7:47  Hive  
  111  8:14  Mutalisk x6  
  111  8:16  Zergling x20  
  111  8:17  Overlord, Zergling x2  
  134  8:32  Zergling x2  
  135  8:36  Zerg Melee Weapons Level 2  
  135  8:38  Baneling Nest  
  134  8:44  Drone x5  
  134  8:45  Drone x4  
  134  8:46  Overlord x5  
  134  8:48  Pneumatized Carapace  
  143  8:57  Overlord  
  143  9:01  Zergling x2  
  143  9:22  Mutalisk x6  
  121  9:36  Mutalisk  
  121  9:37  Mutalisk  
  117  9:40  Zergling x2  
  117  9:41  Zergling x18  
  96  10:26  Drone x3  
  96  10:27  Drone x3  
  96  10:28  Drone x5  
  98  10:35  Zergling x2  
  99  10:52  Drone x7  
  106  11:14  Hatchery  
Tags
 
Add a new tag
Caveats
  • Supply blocks, unpowered buildings, or Contaminate may cause inaccurate times.
  • Supply counts are checked every 10 seconds.